Unix xNetHack Version 7.1.0 - last build May 27 2022 02:01:18 (40ddc3af3caeb211f83a4e7a6471a44cedb5a298). Game began 2022-06-02 15:18:44, ended 2022-06-02 16:51:44. Concrete, chaotic female orcish Rogue ------- # ---------- |.....-# -.---------- +....)...| |.....|#####|........{..# ##|..(.....| |.....-###0#|..........|#########%........| ######## |....>| #|..........|## #------|--- ---------.- --.---- #-..........| )# |.........| # #|........... #### ..........| # #|..........| # #|.........| -.------- # ##--------|--- ##%##########...........### |.......| # ################# -.---------- ##----------- )###........| # ## #### ### |...........#### |.......| # # ##### |..$.......| |.).....| # ## ### |..........| |.......| # ## # |..........| |.......| --|---# # |....j@....| --------- |<....# -.---- ### ------------ |._..|######.....| % |.....# |..%.-## ------ ------ Concrete the Cutpurse St:12 Dx:18 Co:13 In:11 Wi:9 Ch:12 Chaotic S:1235 Dlvl:6 $:41 HP:0(28) Pw:22(22) AC:6 Xp:5/211 T:2422 Latest messages: The orcish dagger hits the leprechaun. What do you want to throw? [b or ?*] In what direction? You throw 2 orcish daggers. The 1st orcish dagger hits the leprechaun. The 2nd orcish dagger hits the leprechaun. What do you want to throw? [b or ?*] In what direction? You throw 2 orcish daggers. The 1st orcish dagger hits the leprechaun. The 2nd orcish dagger hits the leprechaun. What do you want to throw? [b or ?*] In what direction? The orcish dagger misses the leprechaun. What do you want to throw? [b or ?*] In what direction? You throw 2 orcish daggers. The 1st orcish dagger hits the leprechaun. You kill the leprechaun! $ - 41 gold pieces {1}. b - 3 +0 orcish daggers (alternate weapons; not wielded) {30}. I - a swirly potion {20}. You see here a +0 orcish dagger. b - a +0 orcish dagger (alternate weapon; not wielded) {10}. You see here a +0 orcish dagger. b - a +0 orcish dagger (alternate weapon; not wielded) {10}. You see here 2 +0 orcish daggers. You have a little trouble lifting 2 +0 orcish daggers. Continue? [ynq] (q) You have a little trouble lifting b - 2 +0 orcish daggers (alternate weapons; not wielded) {20}. Your movements are slowed slightly because of your load. What do you want to drink? [dlmstAEHI or ?*] Yecch! This tastes rotten. You can see through yourself, but you are visible! Your movements are now unencumbered. You see here a +0 orcish dagger. The grid bug strikes at thin air! You kill the grid bug! You kill the grid bug! The hobbit wields 2 elven daggers! You kill the hobbit! J - a hooded cloak {10}. You hit the blue jelly! You are suddenly very cold! You impale the blue jelly! You stab the blue jelly! The immobile blue jelly seems to flinch. You are suddenly very cold! You die... Do you want your possessions identified? [ynq] (y) Do you want to see your attributes? [ynq] (y) Major events: Turn 1: Concrete the chaotic female orcish Rogue entered the dungeon 973: attained the rank of Cutpurse (level 3) 2422: killed by a blue jelly Inventory: Inventory: 669/675 weight (26/52 slots) Coins $ - 41 gold pieces {1} Weapons b - 12 +0 orcish daggers (alternate weapons; not wielded) {120} y - a blessed +4 copper elven short sword named Blade of Reckoning (weapon in hand) {85} Armor J - an uncursed +0 dwarvish cloak {10} c - a blessed +2 leather light armor (being worn) {113} Comestibles g - 3 uncursed food rations {60} h - 3 uncursed tripe rations {30} q - an uncursed homemade tin of lichen {10} C - an uncursed tin of stale jackal meat {10} Scrolls a - an uncursed scroll of blank paper {5} p - an uncursed scroll of create monster {5} B - an uncursed scroll of magic mapping {5} D - an uncursed scroll of punishment {5} Potions t - a cursed potion of extra healing {20} H - a cursed potion of gain energy {20} m - an uncursed potion of invisibility {20} l - an uncursed potion of oil {20} I - an uncursed potion of see invisible {20} d - 2 uncursed potions of sickness {40} E - a cursed potion of sleeping {20} s - an uncursed potion of speed {20} Rings F - an uncursed ring of stealth (on right hand) {3} Tools f - an empty uncursed sack {15} e - an uncursed lock pick {4} n - an uncursed mithril lock pick {2} j - an uncursed platinum pea whistle {5} Gems/Stones x - 2 uncursed worthless pieces of green glass {2} Concrete the Rogue's attributes: Background: You were a Cutpurse, a level 5 female orcish Rogue. You were chaotic, nominally on a mission for Kos who was opposed by Issek (lawful) and Mog (neutral). You were heterosexual. You were in the Dungeons of Doom, on level 6. You entered the dungeon 2422 turns ago. You had 211 experience points, 109 more were needed to attain level 6. Your score was 1235 before end-of-game adjustments. Basics: You had 0 out of 28 hit points. You had all 22 energy points (spell power). Your armor class was 6. Your wallet contained 41 zorkmids. Autopickup was off. Final Characteristics: Your strength was 12 (limit:18/50). Your dexterity was 18 (limit:18). Your constitution was 13 (limit:18). Your intelligence was 11 (limit:16). Your wisdom was 9 (limit:16). Your charisma was 12 (limit:16). Final Status: You were not hungry. You were unencumbered. You were wielding a short sword. You had basic skill with short sword. Final Attributes: You were piously aligned. You were poison resistant. You saw invisible. You had infravision. You were invisible to others. You were stealthy. You were warded. You are dead. Miscellaneous: You never encountered a bones level. Total elapsed playing time was 28 minutes and 34 seconds. Vanquished creatures: a leprechaun a dog a human zombie a rock piercer a floating eye a giant bat an iguana a coyote a gas spore 3 hobbits 2 giant rats 3 yellow molds a red mold a gnome a gnome zombie 8 geckos 4 jackals a kobold a sewer rat 5 grid bugs 4 lichens 5 newts 48 creatures vanquished. No species were genocided or became extinct. Voluntary challenges: You were vegetarian. You were an atheist. You read items or engraved 5 times. You never genocided any monsters. You never polymorphed an object. You never changed form. You never touched an artifact. You used no wishes. You never owned a pet. You never scared an enemy with impunity. You were celibate. You never generated conflict. Achievements: You attained the rank of Cutpurse. You entered a shop. The Dungeons of Doom: levels 1 to 6 Level 1: A tree. Level 2: Level 3: A sink. Level 4: A general store, a grave. Level 5: Level 6: <- You were here. An altar to Kos, a fountain. Final resting place for you, killed by a blue jelly. Game over: __________ / \ / REST \ / IN \ / PEACE \ / \ | Concrete | | 41 Au | | killed by a blue | | jelly | | | | | | 2022 | *| * * * | * _________)/\\_//(\/(/\)/\//\/|_)_______ Goodbye Concrete the Rogue... You died in The Dungeons of Doom on dungeon level 6 with 1231 points, and 41 pieces of gold, after 2422 moves. You were level 5 with a maximum of 28 hit points when you died.